 Dungeon Crawl Stone Soup version 0.16.2-12-gd0ad4c3 (webtiles) character file.

189924 faibistes the Eclecticist (level 17, -5/97 HPs)
             Began as a Deep Elf Wizard on Jan 31, 2018.
             Was the Champion of Sif Muna.
             Slain by a merfolk impaler
             ... wielding a cursed +0 trident
              (23 damage)
             ... on level 5 of the Shoals on Feb 1, 2018.
             The game lasted 03:10:08 (58230 turns).

faibistes the Eclecticist (Deep Elf Wizard)        Turns: 58230, Time: 03:10:08

Health: -5/97      AC: 10    Str: 11    XL:     17   Next: 96%
Magic:  39/56      EV: 18    Int: 31    God:    Sif Muna [******]
Gold:   1825       SH:  0    Dex: 13    Spells: 9 memorised, 3 levels left

rFire  + + .     SeeInvis .     w - staff of power
rCold  x x .     Clarity  +     K - +2 robe of Modesty {rElec MR+ Regen+ Str+2}
rNeg   . . .     SustAb   .     (no shield)
rPois  .         Gourm    .     b - +1 hat
rElec  +         Spirit   .     (no cloak)
rCorr  .         Warding  .     a - +2 pair of gloves
rMut   .         Stasis   .     r - +1 pair of boots
MR     ++...                    t - amulet of clarity (curse)
Stlth  +++.......               o - ring of stealth (curse)
                                h - ring of wizardry

@: mighty, immune to fire clouds, deflect missiles, very resistant to hostile
enchantments, fairly stealthy
A: beak
a: Channel Energy, Forget Spell, Renounce Religion


You were on level 5 of the Shoals.
You worshipped Sif Muna.
Sif Muna was exalted by your worship.
You were hungry.

You visited 7 branches of the dungeon, and saw 37 of its levels.

You collected 3509 gold pieces.
You spent 1684 gold pieces at shops.

Inventory:

Hand weapons
 N - the +9 short sword "Eroqug" {venom, MR+}
   (You bought it in a shop on level 4 of the Orcish Mines)

   It poisons the flesh of those it strikes.
   It affects your resistance to hostile enchantments.
 T - the +9 falchion "Xuokimyq" {slice, rN+ Dex+3}
   (You found it on level 4 of the Dungeon)

   It inflicts extra damage upon your enemies.
   It affects your dexterity (+3).
   It protects you from negative energy.
Armour
 a - a +2 pair of gloves (worn)
 b - a +1 hat (worn)
 r - a +1 pair of boots (worn)
 K - the +2 robe of Modesty (worn) {rElec MR+ Regen+ Str+2}
   (You bought it in a shop on level 4 of the Orcish Mines)

   It affects your strength (+2).
   It insulates you from electricity.
   It affects your resistance to hostile enchantments.
   It increases your rate of regeneration.
 Y - a +2 robe of resistance
Magical staves
 w - an uncursed staff of power (weapon)
 x - an uncursed staff of air
Jewellery
 c - an uncursed ring of sustain abilities
 h - a ring of wizardry (left hand)
 o - a cursed ring of stealth (right hand)
 t - a cursed amulet of clarity (around neck)
Magical devices
 l - a wand of lightning (7)
 q - a wand of draining (6)
 z - a wand of lightning (2)
 A - a wand of cold (8)
 C - a wand of polymorph (12)
 D - a wand of disintegration (9)
 E - a wand of slowing (9)
 I - a wand of disintegration (9)
 L - a wand of paralysis (15)
 O - a wand of cold (7)
 P - a wand of confusion (37)
 W - a wand of invisibility (4)
 X - a wand of enslavement (10)
Scrolls
 e - 7 scrolls of magic mapping
 f - 11 scrolls of remove curse
 k - 2 scrolls of blinking
 m - 4 scrolls of recharging
 u - 2 scrolls of immolation
 v - a scroll of fog
 y - 5 scrolls of identify
 M - 4 scrolls of fear
 R - 3 scrolls of teleportation
Potions
 g - 8 potions of curing
 i - 3 potions of invisibility
 j - 5 potions of flight
 n - 2 potions of magic
 p - a potion of heal wounds
 B - 2 potions of ambrosia
 G - 2 potions of brilliance
 H - 3 potions of restore abilities
 S - a potion of haste
 U - 3 potions of cancellation
 V - a potion of cure mutation
Books
 F - Sif Muna's Handbook of Earthen Attacks
   (Sif Muna gifted it to you on level 1 of the Shoals)

   Spells                             Type                      Level
   a - Flame Tongue                   Conjuration/Fire             1
   b - Stone Arrow                    Conjuration/Earth            3
   c - Bolt of Magma                  Conjuration/Fire/Earth       5
   d - Irradiate                      Conjuration/Transmutation    5
   e - Iron Shot                      Conjuration/Earth            6
 Q - a book of Summonings

   Spells                             Type                      Level
   a - Abjuration                     Summoning                    3
   b - Recall                         Summoning/Translocation      3
   c - Shadow Creatures               Summoning                    5
   d - Summon Demon                   Summoning                    5
   e - Summon Forest                  Summoning/Translocation      5
   f - Monstrous Menagerie            Summoning                    6
Comestibles
 d - 10 bread rations
 s - 9 meat rations
 Z - 6 chunks of flesh


   Skills:
 + Level 7.7 Fighting
 - Level 10.5 Dodging
 - Level 2.4 Stealth
 * Level 16.8 Spellcasting
 * Level 13.6 Conjurations
 - Level 12.4 Charms
   Level 5.4 Summonings
   Level 3.5 Necromancy
 - Level 8.2 Translocations
 - Level 3.0 Transmutations
 * Level 13.2 Fire Magic
 - Level 4.0 Air Magic
 * Level 13.6 Earth Magic
 - Level 2.5 Poison Magic
 - Level 10.0 Invocations
 - Level 9.0 Evocations


You had 3 spell levels left.
You knew the following spells:

 Your Spells              Type           Power        Failure   Level  Hunger
b - Ring of Flames        Chrm/Fire      ########..   4%          7    ####...
d - Blink                 Tloc           N/A          1%          2    None
e - Poisonous Cloud       Conj/Pois/Air  ######....   9%          6    ##.....
f - Deflect Missiles      Chrm/Air       ######....   4%          6    ##.....
i - Ignite Poison         Fire/Trmt      #######...   1%          5    None
l - Lee's Rapid Deconstr  Erth           #######...   1%          5    None
v - Bolt of Fire          Conj/Fire      ########..   1%          6    ##.....
x - Force Lance           Conj/Tloc      #######.     1%          4    None
z - Fireball              Conj/Fire      ########..   1%          5    None


Dungeon Overview and Level Annotations

Branches:
Dungeon (11/15)            Temple (1/1) D:4            Lair (8/8) D:8
 Shoals (5/5) Lair:4        Snake (5/5) Lair:6        Slime (0/6) Lair:7
    Orc (4/4) D:10            Elf (3/3) Orc:3

Altars:
Ashenzari
Cheibriados
Dithmenos
Elyvilon
Fedhas
Gozag
Kikubaaqudgha
Makhleb
Nemelex Xobeh
Okawaru
Qazlal
Ru
Sif Muna
Trog
Vehumet
Xom
Yredelemnul
Zin
The Shining One
Beogh
Jiyva
Lugonu

Shops:
Orc:1 *   Orc:4 :?([

Annotations:
Elf:3 Kirke


Innate Abilities, Weirdness & Mutations

You are immune to clouds of flame.
You have a beak for a mouth.


Message History

Press: ? - help, Shift-Dir - straight line, f/p - merfolk
Aim: a merfolk, wielding a trident (severely wounded)
You feel a surge of power!
The bolt of fire misses the merfolk impaler.
The bolt of fire hits the merfolk.
You kill the merfolk!
The harpy is engulfed in roaring flames.
The harpy claws you!! The harpy closely misses you.
The merfolk impaler is engulfed in roaring flames.
The merfolk impaler hits you with a trident!
The harpy is engulfed in roaring flames.
The merfolk impaler is engulfed in roaring flames.
The merfolk impaler hits you with a trident!
* * * LOW HITPOINT WARNING * * *
The merfolk impaler is engulfed in roaring flames.
The merfolk impaler hits you with a trident.
* * * LOW HITPOINT WARNING * * *
The merfolk impaler is engulfed in roaring flames.
The merfolk impaler hits you with a trident!!
You die...

# . ..≈ .... # ..
..?.. ##≈ ..
)..... ≈≈.
÷#.$....( .
..#........≈ ...
#)#.m..)).≈
#≈..÷.#§m§....≈≈≈
#.§@§H.≈≈≈≈≈
≈≈≈≈≈≈.§§§≈≈≈≈≈≈≈
≈≈≈≈≈...§≈≈≈≈≈≈
≈≈≈≈≈...≈≈≈≈≈≈≈
≈≈≈≈≈..≈§≈§≈≈≈≈
≈≈....H≈#####
......## ....## .


You could see a merfolk impaler, a merfolk, a manticore and a harpy.

Vanquished Creatures
  Saint Roka (Shoals:4)
  3 greater nagas
  Donald (Snake:4)
  The ghost of DEFE the Spry, a mighty DEWr of Ashenzari (Snake:5)
  Louise (Elf:1)
  An orc warlord (Orc:4)
  2 deep elf sorcerers
  2 deep elf annihilators (Elf:1)
  3 merfolk javelineers (Shoals:2)
  4 deep elf death magi (Elf:1)
  3 merfolk impalers
  The ghost of faibistes the Thaumaturge, a powerful DEWz of Sif Muna (Lair:8)
  A deep elf high priest (Elf:1)
  Harold (Lair:2)
  A catoblepas (Lair:7)
  8 naga warriors
  8 anacondas
  9 hydras
  A satyr (Shoals:3)
  A merfolk avatar (Shoals:4)
  14 dancing weapons (Elf:2)
  A merfolk aquamancer (Shoals:3)
  4 death yaks
  2 orc high priests
  9 naga sharpshooters
  Urug (D:10)
  6 shock serpents
  10 sea snakes
  16 deep elf knights
  3 hill giants (D:10)
  5 naga ritualists
  4 harpies
  5 deep elf summoners
  6 mana vipers
  An orc knight (Orc:4)
  17 deep elf conjurers
  7 cyclopes (Shoals:1)
  2 fauns (Shoals:1)
  5 orc sorcerers
  9 salamanders
  6 griffons
  3 sirens
  5 manticores
  2 water nymphs
  A drowned soul (Shoals:4)
  5 guardian serpents
  6 elephants
  27 black mambas
  A torpor snail (Lair:8)
  6 komodo dragons
  7 spiny frogs
  15 naga magi
  11 deep elf priests
  3 hydra zombies
  A spriggan druid (Lair:8)
  A jumping spider (Elf:2)
  3 trolls
  5 polar bears (Lair:8)
  23 merfolk
  A slime creature (Lair:7)
  15 blink frogs
  A two-headed ogre (Orc:3)
  4 snapping turtles
  7 redbacks
  A black mamba zombie (Lair:4)
  2 basilisks
  64 yaks
  4 water elementals
  22 deep elf magi
  19 deep elf fighters
  5 spriggans (Lair:8)
  8 hippogriffs
  A wyvern (Lair:2)
  A hungry ghost (D:10)
  A neqoxec (Orc:4)
  4 wargs
  A spiny frog zombie (Lair:7)
  Menkaure (D:7)
  52 nagas
  17 wolves
  10 porcupines
  22 water moccasins
  14 ogres
  3 black bears
  9 ice beasts
  2 elephant zombies (Lair:7)
  A blink frog zombie (Lair:1)
  3 wasps
  2 sky beasts
  26 orc warriors
  11 crocodiles
  A boring beetle (D:10)
  4 centaurs
  Duvessa (Orc:1)
  A big kobold (D:7)
  14 giant frogs
  A water moccasin zombie (Lair:4)
  3 yak zombies
  A polar bear zombie (Lair:8)
  3 scorpions
  A spriggan zombie (Lair:8)
  3 spriggan skeletons (Lair:8)
  10 killer bees (D:10)
  7 wights
  A goliath beetle (D:7)
  A wolf zombie (Lair:8)
  An electric eel (Lair:4)
  Dowan (Orc:1)
  A basilisk zombie (Lair:7)
  5 crimson imps
  25 orc priests
  2 centaur skeletons
  5 jellies
  21 orc wizards
  A centaur zombie (D:10)
  A giant frog zombie (D:6)
  8 gnoll shamans
  9 hounds
  A hell rat (Elf:2)
  5 worker ants
  4 killer bee zombies (D:10)
  An iguana (Lair:1)
  A crocodile zombie (Lair:4)
  An ogre zombie (D:8)
  Ijyb (D:1)
  Jessica (D:2)
  A mummy (D:11)
  4 worker ant zombies
  Robin (D:2)
  22 gnolls
  13 river rats (Lair:3)
  24 adders
  A giant mite (D:3)
  A shadow imp (D:5)
  5 worms
  4 ufetubi (Orc:4)
  A sheep zombie (Lair:5)
  2 adder skeletons
  2 adder zombies
  9 giant geckos
  An ooze (D:2)
  149 orcs
  A ball python (D:2)
  20 bats
  A bat skeleton (D:4)
  3 giant cockroaches
  25 hobgoblins
  29 jackals
  23 kobolds
  13 quokkas
  3 river rat zombies (Lair:3)
  A giant gecko skeleton (D:4)
  9 giant newts
  29 goblins
  9 orc zombies (Orc:4)
  2 quokka skeletons
  A quokka zombie (D:5)
  4 rats
  5 ballistomycetes
  4 plants
1214 creatures vanquished.

Vanquished Creatures (collateral kills)
  2 hydras (Lair:7)
  3 death yaks (Lair:8)
  Nergalle (Lair:2)
  A griffon (Lair:7)
  An oklob plant (Lair:7)
  7 elephants
  Joseph (Orc:3)
  2 black mambas
  3 spiny frogs
  2 komodo dragons
  A troll (D:10)
  A polar bear (Lair:7)
  A snapping turtle (Lair:4)
  11 blink frogs
  10 yaks
  7 spriggans
  2 redbacks
  12 wolves
  A wraith (D:10)
  A hippogriff (Lair:3)
  4 orc warriors
  4 porcupines
  2 wasps (Lair:8)
  6 water moccasins
  6 ice beasts (Lair:7)
  4 black bears
  3 ogres
  3 boring beetles
  2 crocodiles (Lair:7)
  2 big kobolds
  A giant frog (Lair:3)
  A killer bee (D:10)
  2 scorpions
  A wight (D:9)
  A jelly (D:10)
  A giant frog zombie (D:8)
  7 orc priests
  A hound (Lair:7)
  An iguana (Lair:1)
  5 worker ants
  9 orc wizards
  15 sheep
  2 gnolls (D:8)
  7 adders
  19 river rats
  An ufetubus (Orc:4)
  59 orcs
  A giant cockroach (D:8)
  5 goblins
  2 hobgoblins
  A jackal (D:9)
  3 kobolds
  5 quokkas
  An orc zombie (Orc:4)
  A rat (D:9)
  2 butterflies
  10 fungi
  5 plants
275 creatures vanquished.

Vanquished Creatures (others)
  A harpy (Shoals:3)
  2 death yak zombies (Lair:8)
  2 dryads (Orc:4)
  4 redback zombies (Lair:8)
  A merfolk (Shoals:4)
  2 spiny frog zombies (Lair:8)
  3 elephant zombies
  A human zombie (Lair:2)
  3 blink frog zombies
  An elephant skeleton (Lair:7)
  A lost soul (Elf:1)
  5 water moccasin zombies
  2 warg zombies
  2 spriggan zombies (Lair:8)
  A polar bear skeleton (Lair:8)
  2 spriggan skeletons (Lair:8)
  4 yak zombies
  A yak skeleton (Lair:7)
  3 wolf zombies (Lair:8)
  An orc priest (Orc:4)
  4 wolf skeletons (Lair:8)
  2 wasp zombies
  A two-headed ogre zombie (Orc:3)
  A black bear zombie (Lair:8)
  A porcupine zombie (Lair:5)
  2 killer bee zombies (D:10)
  A porcupine skeleton (Lair:2)
  A crocodile zombie (Lair:7)
  An adder skeleton (Lair:8)
  3 sheep zombies (Lair:5)
  2 orcs
  6 river rat zombies (Lair:3)
  2 giant spores
  A goblin skeleton (Orc:1)
  10 orc skeletons
  28 orc zombies
  2 bushes (Lair:7)
  42 fungi
  44 plants
  A snaplasher vine (Orc:4)
  694 snaplasher vine segments
891 creatures vanquished.

Grand Total: 2380 creatures vanquished

Notes
Turn   | Place    | Note
--------------------------------------------------------------
     0 | D:1      | faibistes, the Deep Elf Wizard, began the quest for the Orb.
     0 | D:1      | Reached XP level 1. HP: 10/10 MP: 6/6
   141 | D:2      | Noticed Ijyb
   243 | D:1      | Killed Ijyb
   243 | D:1      | Reached XP level 2. HP: 6/15 MP: 0/10
   250 | D:1      | Learned a level 2 spell: Blink
   253 | D:1      | Learned a level 2 spell: Call Imp
   594 | D:1      | Reached XP level 3. HP: 19/19 MP: 10/13
   599 | D:1      | Learned a level 3 spell: Conjure Flame
   603 | D:1      | Learned a level 3 spell: Mephitic Cloud
   741 | D:1      | Reached skill level 5 in Spellcasting
  1609 | D:2      | Reached XP level 4. HP: 24/24 MP: 12/17
  1643 | D:2      | Learned a level 2 spell: Repel Missiles
  1739 | D:2      | Found a shimmering altar of Xom.
  1861 | D:2      | Noticed Robin
  1887 | D:2      | Killed Robin
  2322 | D:2      | Reached skill level 6 in Spellcasting
  2325 | D:2      | Noticed Jessica
  2334 | D:2      | Killed Jessica
  2469 | D:2      | Reached XP level 5. HP: 17/28 MP: 17/20
  2847 | D:4      | Found a stormy altar of Qazlal.
  2960 | D:3      | Reached skill level 1 in Fighting
  3436 | D:3      | Reached XP level 6. HP: 9/34 MP: 12/22
  3963 | D:3      | Found a sacrificial altar of Ru.
  4246 | D:4      | Gained mutation: You have a beak for a mouth. [potion of beneficial mutation]
  4252 | D:5      | Entered Level 5 of the Dungeon
  4256 | D:4      | Found a glowing silver altar of Zin.
  4367 | D:4      | Found a staircase to the Ecumenical Temple.
  4367 | D:4      | Noticed an ogre
  4382 | Temple   | Entered the Ecumenical Temple
  4414 | Temple   | Became a worshipper of Sif Muna the Loreminder
  4848 | D:4      | Learned a level 4 spell: Petrify
  4979 | D:4      | Found a shimmering altar of Xom.
  4981 | D:4      | Found a burning altar of Makhleb.
  5125 | D:4      | Reached skill level 1 in Air Magic
  5246 | D:4      | Reached skill level 7 in Spellcasting
  5255 | D:4      | Reached skill level 1 in Fire Magic
  5255 | D:4      | Reached XP level 7. HP: 40/40 MP: 18/25
  5462 | D:4      | Acquired Sif Muna's first power
  5628 | D:4      | Got an encrusted falchion
  5629 | D:4      | Identified the +9 falchion "Xuokimyq" {slice, rN+ Dex+3} (You found it on level 4 of the Dungeon)
  5687 | D:4      | Killed an ogre
  5687 | D:4      | Reached skill level 1 in Earth Magic
  5687 | D:4      | Reached skill level 1 in Poison Magic
  5845 | D:4      | Found a sparkling altar of Nemelex Xobeh.
  6535 | D:6      | Reached XP level 8. HP: 33/44 MP: 23/27
  6746 | D:5      | Acquired Sif Muna's second power
  6861 | D:5      | Reached skill level 5 in Conjurations
  7760 | D:6      | Reached skill level 8 in Spellcasting
  8614 | D:6      | Noticed a troll
  8617 | D:6      | Killed a troll
  8715 | D:7      | Found a shattered altar of Ashenzari.
  8728 | D:7      | Noticed Menkaure
  8739 | D:7      | Killed Menkaure
  8879 | D:7      | Reached skill level 5 in Dodging
  8879 | D:7      | Reached XP level 9. HP: 48/48 MP: 19/29
  9297 | D:7      | Found a sacrificial altar of Ru.
  9718 | D:7      | Found a white marble altar of Elyvilon.
 10291 | D:8      | Reached skill level 9 in Spellcasting
 10484 | D:8      | Found a staircase to the Lair.
 10597 | D:8      | Found a basalt altar of Yredelemnul.
 10646 | D:8      | Learned a level 4 spell: Animate Dead
 11059 | D:8      | Acquired Sif Muna's third power
 11059 | D:8      | Reached skill level 1 in Necromancy
 11078 | D:8      | Reached skill level 1 in Transmutations
 11459 | D:8      | Reached skill level 1 in Invocations
 11737 | D:8      | Reached skill level 1 in Charms
 12268 | Lair:1   | Entered Level 1 of the Lair of Beasts
 12359 | Lair:2   | Noticed Harold
 12388 | Lair:2   | Killed Harold
 12388 | Lair:2   | Reached skill level 5 in Fire Magic
 12388 | Lair:2   | Reached skill level 5 in Earth Magic
 12388 | Lair:2   | Reached skill level 1 in Evocations
 12388 | Lair:2   | Reached XP level 10. HP: 44/54 MP: 11/31
 12757 | Lair:1   | Reached skill level 10 in Spellcasting
 12934 | Lair:1   | Noticed a spiny frog
 12951 | Lair:1   | Killed a spiny frog
 13449 | Lair:1   | Noticed a black mamba
 13457 | Lair:1   | Killed a black mamba
 13671 | Lair:2   | Noticed Nergalle
 13701 | Lair:2   | Killed Nergalle
 14066 | Lair:2   | Your ally Harold died
 14070 | Lair:2   | Reached XP level 11. HP: 60/60 MP: 18/32
 14664 | Lair:5   | Learned a level 4 spell: Force Lance
 14670 | Lair:5   | Learned a level 5 spell: Summon Forest
 14696 | Lair:6   | Noticed a six-headed hydra
 15654 | Lair:3   | Noticed a seven-headed hydra
 15663 | Lair:3   | Killed a seven-headed hydra
 15827 | Lair:3   | Noticed a seven-headed hydra
 15836 | Lair:3   | Killed a seven-headed hydra
 15877 | Lair:3   | Received a gift from Sif Muna
 15946 | Lair:3   | Identified Nuupy's Grimoire of Poisoning (Sif Muna gifted it to you on level 3 of the Lair of Beasts)
 16510 | Lair:4   | Reached skill level 5 in Invocations
 16704 | Lair:4   | Reached skill level 5 in Summonings
 16947 | Lair:4   | Noticed a seven-headed hydra
 16963 | Lair:4   | Reached skill level 11 in Spellcasting
 16984 | Lair:4   | Killed a seven-headed hydra
 17222 | Lair:4   | Found a staircase to the Shoals.
 17519 | Lair:4   | Learned a level 2 spell: Shroud of Golubria
 17919 | Lair:4   | Reached XP level 12. HP: 64/64 MP: 18/34
 18164 | Lair:4   | Reached skill level 5 in Translocations
 18164 | Lair:4   | Reached skill level 5 in Charms
 20138 | Lair:6   | Killed a six-headed hydra
 20265 | Lair:6   | Received a gift from Sif Muna
 20345 | Lair:6   | Learned a level 5 spell: Bolt of Magma
 20402 | Lair:6   | Found a staircase to the Snake Pit.
 20586 | Lair:7   | Found a frozen archway.
 21505 | Lair:6   | Noticed a seven-headed hydra
 21510 | Lair:6   | Killed a seven-headed hydra
 22128 | Lair:8   | Entered Level 8 of the Lair of Beasts
 22147 | Lair:8   | Reached skill level 12 in Spellcasting
 22484 | Lair:8   | Noticed a five-headed hydra
 22494 | Lair:8   | Killed a five-headed hydra
 22497 | Lair:8   | Reached skill level 5 in Evocations
 22497 | Lair:8   | Reached XP level 13. HP: 66/70 MP: 0/35
 22832 | Lair:7   | Noticed a catoblepas
 22846 | Lair:7   | Killed a catoblepas
 23792 | Lair:7   | Received a gift from Sif Muna
 23939 | Lair:7   | Found a viscous altar of Jiyva.
 23939 | Lair:7   | Found a staircase to the Slime Pits.
 23954 | Lair:7   | Noticed a six-headed hydra
 23961 | Lair:7   | Killed a six-headed hydra
 24179 | Lair:7   | Noticed a four-headed hydra
 24187 | Lair:7   | Killed a four-headed hydra
 25115 | Lair:8   | Noticed a seven-headed hydra
 25264 | Lair:7   | Killed a seven-headed hydra
 25852 | Lair:8   | Noticed faibistes' ghost (powerful DEWz)
 25868 | Lair:8   | Killed faibistes' ghost
 26815 | Lair:7   | Found a snail-covered altar of Cheibriados.
 27662 | Lair:8   | Reached skill level 13 in Spellcasting
 27805 | Lair:8   | Reached XP level 14. HP: 64/76 MP: 10/37
 28311 | Lair:8   | Learned a level 5 spell: Fireball
 28685 | Lair:8   | Received a gift from Sif Muna
 29487 | Lair:2   | Learned a level 5 spell: Lee's Rapid Deconstruction
 29559 | D:10     | Entered Level 10 of the Dungeon
 30617 | D:9      | Found an ancient bone altar of Kikubaaqudgha.
 30618 | D:9      | Found a glowing golden altar of the Shining One.
 31838 | D:10     | Reached skill level 10 in Conjurations
 31915 | D:10     | Reached skill level 5 in Fighting
 32048 | D:10     | Found a staircase to the Orcish Mines.
 32136 | D:10     | Noticed Urug
 32141 | D:10     | Killed Urug
 32519 | D:10     | Reached skill level 10 in Earth Magic
 33003 | Orc:1    | Entered Level 1 of the Orcish Mines
 33372 | Orc:3    | Found a staircase to the Elven Halls.
 33372 | Orc:3    | Found a burning altar of Makhleb.
 33467 | Orc:4    | Entered Level 4 of the Orcish Mines
 33491 | Orc:4    | Noticed Joseph
 33645 | Orc:1    | Noticed Dowan
 33645 | Orc:1    | Noticed Duvessa
 33647 | Orc:1    | Killed Dowan
 33648 | Orc:1    | Killed Duvessa
 34226 | Orc:1    | Found Sebliac's General Store.
 34231 | Orc:1    | Bought a scroll of amnesia for 45 gold pieces
 35706 | Orc:3    | Killed Joseph
 36270 | Orc:3    | Reached skill level 10 in Fire Magic
 37265 | Orc:4    | Found a roughly hewn altar of Beogh.
 37528 | Orc:4    | Found a roughly hewn altar of Beogh.
 37678 | Orc:4    | Found Jietip's Book Boutique.
 37688 | Orc:4    | Bought a book of Fire for 845 gold pieces
 37786 | Orc:4    | Found a roughly hewn altar of Beogh.
 37865 | Orc:4    | Noticed an orc warlord
 38181 | Orc:4    | Found a roughly hewn altar of Beogh.
 38181 | Orc:4    | Found Haycyangy's Magic Scroll Shoppe.
 38478 | Orc:4    | Killed an orc warlord
 38693 | Orc:4    | Bought a scroll of fear for 59 gold pieces
 38693 | Orc:4    | Bought a scroll of recharging for 161 gold pieces
 38693 | Orc:4    | Bought a scroll of amnesia for 59 gold pieces
 38693 | Orc:4    | Bought a scroll of enchant armour for 127 gold pieces
 38761 | Orc:4    | Received a gift from Sif Muna
 38762 | Orc:4    | Identified Sif Muna's Compendium of Calling (Sif Muna gifted it to you on level 4 of the Orcish Mines)
 39454 | Orc:4    | Found a roughly hewn altar of Beogh.
 39455 | Orc:4    | Found Kane's Antique Armour Boutique.
 39463 | Orc:4    | Found Offutu's Antique Weapon Shop.
 39472 | Orc:4    | Bought a tattered robe for 108 gold pieces
 39482 | Orc:4    | Identified the +2 robe of Modesty {rElec MR+ Regen+ Str+2} (You bought it in a shop on level 4 of the Orcish Mines)
 39488 | Orc:4    | Bought a transparent short sword for 280 gold pieces
 39490 | Orc:4    | Identified the +9 short sword "Eroqug" {venom, MR+} (You bought it in a shop on level 4 of the Orcish Mines)
 39829 | Lair:2   | Learned a level 6 spell: Bolt of Fire
 39837 | Lair:2   | Learned a level 6 spell: Iron Shot
 40024 | Elf:1    | Entered Level 1 of the Elven Halls
 40027 | Elf:1    | Noticed a deep elf sorcerer
 40031 | Elf:1    | Killed a deep elf sorcerer
 40412 | Elf:1    | Reached XP level 15. HP: 69/82 MP: 25/38
 40730 | Elf:1    | Reached skill level 14 in Spellcasting
 41559 | Elf:1    | Noticed Louise
 41565 | Elf:1    | Killed Louise
 42733 | Elf:1    | Identified Trifa's Volume of Cloudy Conjuration
 42956 | Elf:1    | Reached skill level 10 in Invocations
 43402 | Elf:2    | Identified a scroll of acquirement
 43447 | Elf:3    | Entered Level 3 of the Elven Halls
 43447 | Elf:3    | Noticed Kirke
 43482 | Elf:2    | Received a gift from Sif Muna
 43485 | Elf:2    | Identified Sif Muna's Collected Works on Quantum Enhancements (Sif Muna gifted it to you on level 2 of the Elven Halls)
 43759 | Elf:2    | Found a runed gate.
 43759 | Elf:2    | Found a runed gate.
 43761 | Elf:2    | Found a runed gate.
 44405 | Elf:2    | Reached skill level 10 in Charms
 44794 | Elf:2    | Reached XP level 16. HP: 88/88 MP: 39/39
 45537 | Lair:2   | Learned a level 5 spell: Ignite Poison
 45544 | Lair:2   | Learned a level 6 spell: Poisonous Cloud
 45555 | Lair:2   | Learned a level 7 spell: Ring of Flames
 45558 | Lair:2   | Learned a level 2 spell: Swiftness
 45677 | Snake:1  | Entered Level 1 of the Snake Pit
 46453 | Snake:1  | Reached skill level 15 in Spellcasting
 46634 | Snake:1  | Received a gift from Sif Muna
 46635 | Snake:1  | Identified Sif Muna's Tome of Warped Aid (Sif Muna gifted it to you on level 1 of the Snake Pit)
 47135 | Snake:1  | Reached skill level 10 in Dodging
 51670 | Snake:3  | Received a gift from Sif Muna
 51671 | Snake:3  | Identified Sif Muna's Incunabulum of the Hurtful Mountains (Sif Muna gifted it to you on level 3 of the Snake Pit)
 52055 | Snake:4  | Reached XP level 17. HP: 95/95 MP: 41/41
 52094 | Snake:4  | Learned a level 6 spell: Deflect Missiles
 52152 | Snake:5  | Entered Level 5 of the Snake Pit
 52152 | Snake:5  | Found an iron altar of Okawaru.
 52174 | Snake:5  | Noticed DEFE's ghost (mighty DEWr)
 52191 | Snake:5  | Killed DEFE's ghost
 52561 | Snake:4  | Noticed Donald
 52564 | Snake:4  | Killed Donald
 54044 | Snake:4  | Reached skill level 16 in Spellcasting
 55043 | Lair:4   | Noticed a four-headed hydra
 55044 | Lair:4   | Killed a four-headed hydra
 55115 | Shoals:1 | Entered Level 1 of the Shoals
 55787 | Shoals:1 | Received a gift from Sif Muna
 55788 | Shoals:1 | Identified Sif Muna's Handbook of Earthen Attacks (Sif Muna gifted it to you on level 1 of the Shoals)
 57462 | Shoals:4 | Noticed Saint Roka
 57473 | Shoals:4 | Killed Saint Roka
 57993 | Shoals:5 | Entered Level 5 of the Shoals
 58230 | Shoals:5 | Slain by a merfolk impaler

Action                   |  1- 3 |  4- 6 |  7- 9 | 10-12 | 13-15 | 16-18 || total
-------------------------+-------+-------+-------+-------+-------+-------++-------
Melee: Club              |     1 |       |       |       |       |       ||     1
       Dagger            |     9 |    55 |       |       |       |       ||    64
       Falchion          |       |       |    99 |   286 |   247 |       ||   632
       Staff             |       |       |       |     1 |       |    10 ||    11
       Short sword       |       |       |       |       |     7 |       ||     7
 Cast: Magic Dart        |    81 |   176 |   348 |   166 |    34 |     1 ||   806
       Conjure Flame     |     1 |     4 |    42 |    69 |    62 |       ||   178
       Mephitic Cloud    |       |    25 |    41 |    31 |     5 |       ||   102
       Repel Missiles    |       |     1 |     1 |       |     4 |     3 ||     9
       Blink             |       |     1 |     2 |     7 |     7 |     5 ||    22
       Animate Dead      |       |       |    10 |    38 |    90 |       ||   138
       Petrify           |       |       |       |    44 |     9 |       ||    53
       Force Lance       |       |       |       |    48 |    73 |    57 ||   178
       Summon Forest     |       |       |       |     4 |    10 |       ||    14
       Bolt of Magma     |       |       |       |    26 |   129 |       ||   155
       Fireball          |       |       |       |       |   219 |   212 ||   431
       Lee's Rapid Decon |       |       |       |       |    62 |    68 ||   130
       Bolt of Fire      |       |       |       |       |    51 |   134 ||   185
       Iron Shot         |       |       |       |       |     8 |     1 ||     9
       Ignite Poison     |       |       |       |       |       |    44 ||    44
       Ring of Flames    |       |       |       |       |       |    32 ||    32
       Poisonous Cloud   |       |       |       |       |       |    14 ||    14
       Deflect Missiles  |       |       |       |       |       |     5 ||     5
Invok: Channel Energy    |       |       |     5 |    19 |    24 |    48 ||    96
       Forget Spell      |       |       |       |     2 |     2 |     5 ||     9
Evoke: Wand              |       |       |       |     1 |       |     6 ||     7
  Use: Scroll            |       |     7 |    11 |     8 |    11 |     4 ||    41
       Potion            |       |     1 |       |     3 |     3 |     4 ||    11
 Stab: Confused          |       |     6 |     9 |     7 |     1 |       ||    23
       Sleeping          |       |     1 |     1 |       |     3 |       ||     5
       Petrified         |       |       |       |    11 |       |       ||    11
       Petrifying        |       |       |       |    10 |     1 |       ||    11
       Distracted        |       |       |       |       |     2 |       ||     2
  Eat: Chunk             |     2 |    11 |    23 |    29 |    68 |    29 ||   162
       Fruit             |       |       |       |     5 |    12 |    17 ||    34
       Beef jerky        |       |       |       |     1 |     3 |       ||     4
       Pizza             |       |       |       |       |     1 |     1 ||     2
       Royal jelly       |       |       |       |       |       |     9 ||     9
